 Dungeon Crawl Stone Soup version 0.32-a0-868-g153ae1a8d6 (webtiles) character file.

Game seed: 13581063471415332715

4032 zenocrate the Martial Artist (level 10, -6/69 HPs)
             Began as an Octopode Earth Elementalist on Mar 28, 2024.
             Mangled by a gnoll
             ... wielding a +0 spear
             ... led by a gnoll sergeant
              (7 damage)
             ... on level 8 of the Dungeon.
             The game lasted 00:07:25 (7834 turns).

zenocrate the Martial Artist (OpEE)                 Turns: 7834, Time: 00:07:26

Health: -6/69      AC:  2    Str: 10    XL:     10   Next: 24%
Magic:  12/17      EV: 14    Int: 18    God:
Gold:   200        SH:  0    Dex: 14    Spells: 6/19 levels left

rFire   . .          .
                       - Unarmed
rCold   . . .        (no shield)
rNeg    . . .        u - +1 hat
rPois   .            x - amulet of the acrobat
rElec   .            b - ring of resist corrosion
rCorr   +            (no ring)
SInv    .            (no ring)
Will    .....        (no ring)
Stlth   +++          (no ring)
HPRegen 0.31/turn    (no ring)
MPRegen 0.15/turn    (no ring)
                     (no ring)

%: acrobat
@: very slightly contaminated
A: almost no armour, amphibious, 8 rings, camouflage 1, gelatinous body 1,
(nimble swimmer 1), tentacles
a: no special abilities


You were on level 8 of the Dungeon.
You visited 2 branches of the dungeon, and saw 9 of its levels.

You collected 323 gold pieces.
You spent 123 gold pieces at shops.

Inventory:

Armour
 u - a +1 hat (worn)
Jewellery
 b - a ring of resist corrosion (left tentacle)
 l - a ring of fire
 x - an amulet of the acrobat (around mantle)
Wands
 f - a wand of acid (3)
 r - a wand of roots (3)
 v - a wand of paralysis (16)
Scrolls
 d - a scroll of fear
 e - a scroll of torment {unknown}
 g - a scroll of enchant armour {unknown}
 h - a scroll of fog {unknown}
 i - 4 scrolls of teleportation
 t - a scroll of revelation {unknown}
Potions
 a - 3 potions of magic
 c - a potion of curing
 j - a potion of berserk rage
 m - a potion of might {unknown}
 n - 3 potions of brilliance {unknown}
 o - a potion of haste {unknown}
 p - 2 potions of attraction {unknown}
 q - a potion of ambrosia {unknown}
 s - 2 potions of mutation {unknown}
 w - a potion of cancellation {unknown}


   Skills:
 - Level 6.5 Fighting
 - Level 4.8 Dodging
 - Level 2.6 Stealth
 + Level 10.3 Unarmed Combat
 + Level 5.1 Spellcasting
 - Level 1.0 Conjurations
 - Level 3.0 Earth Magic
 - Level 3.4 Evocations


You had 6 spell levels left.
You knew the following spells:

 Your Spells              Type           Power      Damage    Failure   Level
a - Stone Arrow           Conj/Erth      22%        3d8       17%         3
b - Sandblast             Erth           30%        2d9       3%          1
c - Passage of Golubria   Tloc           4%         N/A       78%         4
x - Blink                 Tloc           8%         N/A       21%         2
z - Passwall              Erth           15%        N/A       12%         3

Your spell library contained the following spells:

 Spells                   Type           Power      Damage    Failure   Level
 Magic Dart               Conj           32%        1d4       9%          1
 Shock                    Conj/Air       24%        1d4       11%         1
 Call Imp                 Summ           8%         N/A       21%         2
 Mercury Vapours          Alch/Air       8%         N/A       21%         2
 Mephitic Cloud           Conj/Alch/Air  5%         N/A       34%         3
 Swiftness                Air            4%         N/A       36%         3
 Tukima's Dance           Hex            4%         N/A       36%         3
 Brom's Barrelling Bould  Conj/Erth      11%        2d3       50%         4
 Petrify                  Alch/Erth      10%        N/A       56%         4
 Airstrike                Air            2%         2d(1-17)  78%         4
 Freezing Cloud           Conj/Ice/Air   2%         6-21      97%         5
 Yara's Violent Unravell  Hex/Alch       2%         3d3       98%         5


Dungeon Overview and Level Annotations

Branches:
Dungeon (8/15)             Temple (1/1) D:5
   Lair: D:8-11

Altars:
Ashenzari
Cheibriados
Dithmenos
Elyvilon
Fedhas
Hepliaklqana
Kikubaaqudgha
Makhleb
Nemelex Xobeh
Okawaru
Qazlal
Ru
Trog
Uskayaw
Vehumet
Wu Jian
Xom
Yredelemnul
Zin
The Shining One

Shops:
D:5 *   D:6 *

Annotations:
D:7 1 runed translucent door, Crazy Yiuf


Innate Abilities, Weirdness & Mutations

You cannot wear most types of armour.
You are amphibious.
You can wear up to eight rings at the same time.
Your skin changes colour to match your surroundings (Stealth+).
Your rubbery body absorbs attacks. (AC +1, EV +1)
((You are camouflaged when in or above water. (Stealth+)))
You have tentacles for arms and can constrict up to eight enemies at once.


Message History

Nothing appears to happen.
Casting: Stone Arrow (dangerous; 17% risk of failure)
Confirm with . or Enter, or press ? or * to list all spells.
Aiming: Stone Arrow (dangerous; 17% risk of failure)
Press: ? - help, Shift-Dir - straight line, f/p - gnoll sergeant
Aim: a gnoll sergeant, wielding a +0 trident, wearing a +0 ring mail and wearing a +0 buckler (77% to hit)
The stone arrow misses the gnoll sergeant.
The stone arrow misses the orc.
The gnoll sergeant closely misses you. The gnoll misses you.
The gnoll misses you.
There is a stone staircase leading up here.
You barely miss the gnoll sergeant. You grab the gnoll sergeant.
You constrict the gnoll sergeant.
The gnoll sergeant hits you with a +0 trident!
The gnoll sergeant hits you from afar with a +4 trident of protection!
You bludgeon the gnoll sergeant!
The gnoll sergeant is severely wounded.
You constrict the gnoll sergeant.
You kill the gnoll sergeant!
The gnoll closely misses you. The gnoll sergeant misses you.
You tentacle-slap the gnoll but do no damage.
Your grab misses the gnoll. Your squeeze misses the gnoll.
The gnoll hits you with a +0 spear! The gnoll sergeant closely misses you.
The orc closely misses you.
You tentacle-slap the gnoll. Your grab misses the gnoll.
The gnoll is moderately wounded.
The gnoll hits you with a +0 spear!
The gnoll sergeant hits you from afar with a +4 trident of protection!
You bludgeon the gnoll! Your grab misses the gnoll.
The gnoll is almost dead.
The orc hits you with a +0 short sword.
* * * LOW HITPOINT WARNING * * *
The gnoll closely misses you.
Unknown command.
The gnoll sergeant hits you from afar with a +4 trident of protection!
* * * LOW HITPOINT WARNING * * *
The orc hits you with a +0 short sword.
* * * LOW HITPOINT WARNING * * *
The gnoll hits you with a +0 spear!
You die...

#.# #.#
####.#
#.##.####
#$##....
#.##..#
#)o#..#
#@#.).#
#g##)[#
#.g...)......
#.##..#....g.
#.#...#.#####
....>.# #
####.## #.#
#.


You could see a gnoll sergeant, a gnoll and an orc.

Vanquished Creatures
  Maurice (D:7)
  Grinder (D:3)
  Prince Ribbit (D:6)
  A wyvern (D:7)
  Menkaure (D:5)
  3 water moccasins
  An orc warrior (D:8)
  4 ice beasts
  A sky beast (D:6)
  An ogre (D:4)
  A centaur (D:6)
  2 phantoms
  Blork the orc (D:5)
  3 scorpions
  3 bullfrogs
  A gnoll sergeant (D:8)
  12 wights
  2 bombardier beetles
  3 hounds (D:4)
  2 orc priests
  A jelly (D:5)
  Natasha (thrice) (D:3)
  3 iguanas
  3 orc wizards (D:6)
  7 gnolls
  7 adders
  A shadow imp (D:7)
  2 white imps (D:6)
  2 ufetubi (D:6)
  12 dart slugs
  A ribbon worm (D:3)
  22 orcs
  5 endoplasms
  5 giant cockroaches
  5 hobgoblins
  7 jackals
  4 kobolds
  4 quokkas
  10 ball pythons
  2 bats
  A frilled lizard (D:2)
  3 goblins
  3 rats (D:1)
158 creatures vanquished.

Notes
Turn   | Place    | Note
-------+----------+-------------------------------------------
     0 | D:1      | zenocrate the Octopode Earth Elementalist began the quest
                  | for the Orb.
     0 | D:1      | Reached XP level 1. HP: 11/11 MP: 3/3
   122 | D:1      | Reached skill level 1 in Unarmed Combat
   171 | D:1      | Found a faded altar of an unknown god.
   181 | D:1      | Reached XP level 2. HP: 17/17 MP: 5/5
   673 | D:1      | Reached skill level 2 in Unarmed Combat
  1053 | D:2      | Reached XP level 3. HP: 21/21 MP: 4/6
  1103 | D:2      | Learned a level 3 spell: Stone Arrow
  1794 | D:3      | Noticed Natasha
  1799 | D:3      | Killed Natasha
  1800 | D:3      | Reached XP level 4. HP: 9/27 MP: 5/7
  1961 | D:3      | Reached skill level 3 in Unarmed Combat
  2128 | D:3      | Noticed Natasha
  2133 | D:3      | Killed Natasha
  2134 | D:3      | Reached XP level 5. HP: 31/31 MP: 8/8
  2159 | D:3      | Noticed Natasha
  2166 | D:3      | Killed Natasha
  2219 | D:3      | Noticed Grinder
  2225 | D:3      | Killed Grinder
  2226 | D:3      | Reached skill level 4 in Unarmed Combat
  2226 | D:3      | Reached XP level 6. HP: 24/36 MP: 5/9
  2302 | D:3      | Identified the +2 plate armour of the Lion {+Inv Str+5
                  | Int+3}
  2478 | D:4      | Reached skill level 1 in Evocations
  2567 | D:4      | Reached skill level 5 in Unarmed Combat
  2567 | D:4      | Reached XP level 7. HP: 8/41 MP: 8/10
  3065 | D:4      | Identified the +0 cloak "Kyge" {Str+2}
  3306 | D:4      | Learned a level 3 spell: Passwall
  3334 | D:5      | Entered Level 5 of the Dungeon
  3400 | D:5      | Reached skill level 1 in Fighting
  3425 | D:5      | Reached skill level 6 in Unarmed Combat
  3425 | D:5      | Noticed Menkaure
  3433 | D:5      | Killed Menkaure
  3434 | D:5      | Reached XP level 8. HP: 8/50 MP: 7/11
  3758 | D:5      | Found a snail-covered altar of Cheibriados.
  3968 | D:5      | Found a shadowy altar of Dithmenos.
  4013 | D:5      | Noticed Blork the orc
  4034 | D:5      | Killed Blork the orc
  4035 | D:5      | Reached skill level 7 in Unarmed Combat
  4272 | D:5      | Found Quif's Overcharged Wands.
  4342 | D:5      | Found a staircase to the Ecumenical Temple.
  4353 | Temple   | Entered the Ecumenical Temple
  4772 | D:6      | Noticed Prince Ribbit
  4781 | D:6      | Killed Prince Ribbit
  4891 | D:6      | Reached skill level 5 in Fighting
  4897 | D:6      | Reached skill level 8 in Unarmed Combat
  4897 | D:6      | Reached XP level 9. HP: 24/61 MP: 2/12
  5587 | D:6      | Found Miuz's Assorted Antiques.
  5598 | D:6      | Bought a bubbling dark potion for 18 gold pieces
  5598 | D:6      | Bought a brass wand for 84 gold pieces
  5598 | D:6      | Bought a scroll labelled FOTWOZE REGOSS for 21 gold pieces
  5871 | D:6      | Found a basalt altar of Yredelemnul.
  5874 | D:6      | Found a hide-covered altar of Uskayaw.
  5882 | D:6      | Found a bloodstained altar of Trog.
  5885 | D:6      | Found a blossoming altar of Fedhas.
  6166 | D:7      | Reached skill level 9 in Unarmed Combat
  6697 | D:7      | Noticed Maurice
  6744 | D:7      | Maurice stole a ring of fire
  6749 | D:7      | Maurice stole 129 gold
  6750 | D:7      | Killed Maurice
  6751 | D:7      | Reached XP level 10. HP: 39/69 MP: 4/16
  7136 | D:7      | Found a runed translucent door.
  7137 | D:7      | Noticed Crazy Yiuf
  7233 | D:7      | Reached skill level 10 in Unarmed Combat
  7243 | D:7      | Learned a level 2 spell: Blink
  7555 | D:7      | Learned a level 4 spell: Passage of Golubria
  7584 | D:8      | Reached skill level 5 in Spellcasting
  7834 | D:8      | HP: 1/69 [orc/+0 short sword (3)]
  7834 | D:8      | Mangled by a gnoll

Illustrated notes

Levels and vault maps discovered:
D:1:      ldierk_walled_garden_2, layout_loops_ring, basic_ecumenical_altar,
          minmay_misc_feat_square, corexii_corridor_pit, minmay_hedge_maze
D:2:      layout_basic, serial_aquarium, aquarium_bridge_straight
          [aquarium_subvault_bridge, aquarium_subvault_wall,
          aquarium_subvault_bridge, aquarium_subvault_balcony],
          aquarium_window_2, aquarium_window_corner, aquarium_window_fake,
          aquarium_view_2b, serial_bayou_pond_c
D:3:      layout_basic, uniq_natasha, uniq_grinder
D:4:      layout_cave_pools, dreamdust_gnoll_farm
D:5:      kennysheep_slugbush, layout_gridville, lemuel_crystal_altar,
          mainiacjoe_overflow_24_doors, minmay_temple_entry_glassed_door,
          nicolae_ossuary_entry_ruins, nicolae_shop_overcharged_wands,
          uniq_menkaure, uniq_blork_the_orc
D:6:      layout_basic, grunt_temple_overflow_cloverleaf, serial_shops,
          nicolae_shop_peninsula, serial_library_regret_index_branch_corner,
          uniq_prince_ribbit1
D:7:      layout_loops_ring, uniq_crazy_yiuf_cottage, uniq_maurice
D:8:      layout_loops_ring, minivault_25, hangedman_incinerator, uniq_grum
Temple:   eino_temple_lava

Skill      XL: |  1  2  3  4  5  6  7  8  9 10 |
---------------+-------------------------------+-----
Unarmed Combat | 1 2 3 4 5 6 8 9 10 | 10.3
Dodging        | 3 4 |  4.8
Evocations     | 2 3 |  3.4
Fighting       | 2 5 6 |  6.5
Spellcasting   | 4 5 |  5.1
Stealth        | |  2.6
Conjurations   | |  1.0
Earth Magic    | |  3.0

Action                     |  1- 3 |  4- 6 |  7- 9 | 10-12 || total
---------------------------+-------+-------+-------+-------++-------
  Melee: Unarmed           |    51 |    33 |   186 |    47 ||   317
         Tentacles         |    11 |    13 |    61 |    14 ||    99
         Constrict         |    16 |     8 |    45 |    15 ||    84
         Punch             |       |     1 |    12 |     4 ||    17
   Cast: Sandblast         |    16 |    13 |    14 |       ||    43
         Stone Arrow       |       |     1 |    24 |     2 ||    27
  Evoke: Wand              |       |     2 |     3 |       ||     5
    Use: Scroll            |     1 |     1 |     9 |     1 ||    12
         Potion            |       |       |     8 |       ||     8
   Stab: Sleeping          |     9 |     3 |    17 |     4 ||    33
         Distracted        |       |     1 |       |       ||     1
 Armour: Skin              |    27 |    10 |   120 |    26 ||   183
  Dodge: Dodged            |    32 |    20 |   102 |    38 ||   192

Table legend: (Time is in decaauts)
 A = Elapsed time spent in this place.
 B = Non-inter-level travel time spent in this place.
 C = Inter-level travel time spent in this place.
 D = Time resting spent in this place.
 E = Time spent auto-exploring this place.
 F = Levels seen in this place.
 G = Mean time per level.
                   A        B        C        D        E       F      G
               +--------+--------+--------+--------+--------+-----+--------+
         Total |   7821 |   7623 |    198 |     28 |   6487 |   9 |  869.0 |
       Dungeon |   7819 |   7621 |    198 |     28 |   6487 |   8 |  977.4 |
        Temple |      1 |      1 |      0 |      0 |      0 |   1 |    1.0 |
               +--------+--------+--------+--------+--------+-----+--------+

Top non-repeatable levels by time:
     D:7: 1694 daAuts
     D:6: 1567 daAuts
     D:5: 1178 daAuts
     D:1: 944 daAuts
     D:4: 930 daAuts
     D:3: 768 daAuts
     D:2: 703 daAuts
     D:8: 32 daAuts
  Temple: 1 daAuts
